 Dungeon Crawl Stone Soup version 0.29-a0-923-g6e406bff71 (webtiles) character file.

Game seed: 5373850828630074609

37639 ptdevnull the Slicer (level 14, 0/95 (105) HPs)
             Began as a Kobold Hunter on July 27, 2022.
             Was a Plaything of Xom.
             Slain by a catoblepas (13 damage)
             ... on level 5 of the Lair of Beasts.
             The game lasted 00:39:37 (18768 turns).

ptdevnull the Slicer (Kobold Hunter)               Turns: 18768, Time: 00:39:38

HP:   0/95 (105)    AC:  5    Str:  6    XL:     14   Next: 30%
MP:   0/26          EV: 24    Int: 17    God:    Xom [...*..]
Gold: 956           SH:  0    Dex: 25    Spells: 13/29 levels left

rFire   . . .      SeeInvis .   a - +6 double sword (elec)
rCold   . . .      Faith    .   (shield currently unavailable)
rNeg    . . .      Spirit   +   S - +2 robe {Will+}
rPois   +          Reflect  .   y - +0 helmet
rElec   .          Harm     .   d - scarf {shadows}
rCorr   .          Rampage  .   (no gloves)
Will    ++++.                   (no boots)
Stlth   +++++.....              r - amulet of guardian spirit
HPRegen 0.25/turn               t - +4 ring of slaying
MPRegen 0.20/turn               u - ring "Duek" {Will+ Int+2}

@: drained
A: small, no large weapons, nightstalker 3, talons 1, agile 1, clever 1,
strong-willed 1, poison resistance, robust 2, wild magic 1, noise suppression
a: Renounce Religion


You were on level 5 of the Lair of Beasts.
You worshipped Xom.
You were a favourite toy of Xom.
You visited 2 branches of the dungeon, and saw 16 of its levels.
You also visited: Bailey.

You collected 956 gold pieces.

Inventory:

Hand Weapons
 a - a +6 double sword of electrocution (weapon)
 b - a +2 dagger of electrocution
 U - a +0 shortbow
Missiles
 D - 2 throwing nets (quivered)
Armour
 d - a scarf of shadows (worn)
 k - a scarf of repulsion
 y - a +0 helmet (worn)
 H - +0 steam dragon scales
 I - a +0 troll leather armour
 S - a +2 robe of willpower (worn)
Jewellery
 n - a ring of fire
 r - an amulet of guardian spirit (around neck)
 t - a +4 ring of slaying (left hand)
 u - the ring "Duek" (right hand) {Will+ Int+2}
   (You acquired it on level 9 of the Dungeon)

   [ring of willpower]

   Int:       It affects your intelligence (+2).
   Will:      It increases your willpower.
 x - a ring of wizardry
 F - a ring of fire
 G - an amulet of magic regeneration
 P - a +4 ring of protection
 Q - a ring of willpower
Wands
 j - a wand of mindburst (3)
 w - a wand of iceblast (34)
 B - a wand of polymorph (8)
Scrolls
 f - 3 scrolls of immolation
 g - 2 scrolls of poison
 l - 5 scrolls of blinking
 m - 5 scrolls of teleportation
 o - 4 scrolls of enchant armour
 p - a scroll of brand weapon {unknown}
 q - 2 scrolls of fear {unknown}
 s - 2 scrolls of vulnerability {unknown}
 J - a scroll of summoning {unknown}
 R - 6 scrolls of butterflies {unknown}
 T - 2 scrolls of amnesia {unknown}
 V - 2 scrolls of identify
Potions
 c - 3 potions of heal wounds
 e - 2 potions of attraction
 h - 10 potions of curing
 i - a potion of ambrosia
 v - 3 potions of haste
 z - 3 potions of flight
 A - 5 potions of mutation
 C - 2 potions of magic
 E - 2 potions of brilliance
 K - 5 potions of might
 L - a potion of cancellation {unknown}
 N - 4 potions of resistance
 O - 2 potions of invisibility
Miscellaneous
 M - a condenser vane


   Skills:
 - Level 10.0 Fighting
 - Level 13.3(15.4) Short Blades
 + Level 8.3(10.0) Long Blades
 - Level 5.3 Ranged Weapons
 - Level 10.0 Dodging
 - Level 8.0 Stealth
 - Level 8.0 Spellcasting
 - Level 8.0 Hexes
 - Level 5.0 Ice Magic
 - Level 8.0 Evocations


You had 13 spell levels left.
You knew the following spells:

 Your Spells              Type           Power      Damage    Failure   Level
a - Slow                  Hex            100%       N/A       1%          1
b - Ensorcelled Hibernat  Hex/Ice        74%        N/A       2%          2
c - Tukima's Dance        Hex            44%        N/A       2%          3
d - Ozocubu's Armour      Ice            30%        N/A       7%          3
e - Ozocubu's Refrigerat  Ice            15%        4d8       100%        7

Your spell library contained the following spells:

 Spells                   Type           Power      Damage    Failure   Level
 Portal Projectile        Hex/Tloc       52%        N/A       10%         3
 Summon Guardian Golem    Hex/Summ       26%        N/A       10%         3
 Sandblast                Erth           16%        2d6       16%         1
 Summon Small Mammal      Summ           32%        N/A       16%         1
 Passwall                 Tmut/Erth      6%         N/A       22%         2
 Poisonous Vapours        Pois/Air       16%        N/A       22%         2
 Sublimation of Blood     Necr           8%         N/A       22%         2
 Wereblood                Tmut           8%         N/A       22%         2
 Anguish                  Hex/Necr       13%        N/A       28%         4
 Call Canine Familiar     Summ           8%         N/A       38%         3
 Spider Form              Tmut/Pois      8%         N/A       38%         3
 Stone Arrow              Conj/Erth      16%        3d8       38%         3
 Corpse Rot               Necr/Pois/Air  8%         N/A       78%         4
 Blade Hands              Tmut           4%         N/A       98%         5
 Summon Cactus Giant      Summ           4%         N/A       100%        6
 Haunt                    Necr/Summ      4%         N/A       100%        7
 Malign Gateway           Summ/Tloc      4%         N/A       100%        7
 Summon Hydra             Summ           4%         N/A       100%        7


Dungeon Overview and Level Annotations

Branches:
Dungeon (11/15)            Temple (0/1) D:5            Lair (5/5) D:8
  Swamp (0/4) Lair:2        Snake (0/4) Lair:3        Slime (0/5) Lair:4
    Orc (0/2) D:9          Bailey (visited)

Altars:
Ashenzari
Fedhas
Hepliaklqana
Kikubaaqudgha
Nemelex Xobeh
Wu Jian
Xom
The Shining One
Jiyva

Shops:
D:2 !!

Annotations:
D:3 1 transporter, Nato's ghost, amateur OpTm
D:7 2 transporters
Lair:1 exclusion: 2 oklob plants


Innate Abilities, Weirdness & Mutations

You are small and have problems with some larger weapons.
You are completely attuned to the shadows.
You have sharp toenails.
You are agile. (Dex +4, Str/Int -1)
Your mind is acute. (Int +4, Str/Dex -1)
You are strong-willed. (Will+)
Your system is resistant to poisons. (rPois)
You are very robust. (+20% HP)
Your spells are a little harder to cast, but a little more powerful.
You passively dampen the noise of your surroundings.


Message History

The catoblepas is moderately wounded.
You are engulfed in calcifying dust.
You are slowing down.
The catoblepas breathes a plume of calcifying dust at you.
The blast of calcifying dust hits you but does no damage.
Your limbs are stiffening.
The catoblepas attacks as you move away!
The catoblepas gores you!
The catoblepas breathes a plume of calcifying dust at you.
The blast of calcifying dust hits you!
You have turned to stone.
You are engulfed in calcifying dust.
A black mamba comes into view.
The catoblepas gores you!
You are engulfed in calcifying dust.
The catoblepas gores you!!
You hear an angry hiss.
You are engulfed in calcifying dust.
The catoblepas gores you!!
The black mamba is engulfed in calcifying dust.
The black mamba is moving more slowly.
The black mamba is engulfed in calcifying dust.
The black mamba stops moving altogether!
The catoblepas breathes a plume of calcifying dust at you.
The blast of calcifying dust hits you!
The blast of calcifying dust hits the black mamba.
You are engulfed in calcifying dust.
The black mamba is engulfed in calcifying dust. x2
The catoblepas gores you but does no damage.
You are engulfed in calcifying dust.
The catoblepas gores you!!
You are engulfed in calcifying dust.
The catoblepas gores you!!
* * * LOW HITPOINT WARNING * * *
You are engulfed in calcifying dust.
The catoblepas gores you!!
* * * LOW HITPOINT WARNING * * *
You are engulfed in calcifying dust.
The catoblepas gores you but does no damage.
You turn to flesh and can move again.
The helpless black mamba fails to defend itself.
You slice the black mamba!! You claw the black mamba.
The black mamba is heavily wounded.
The catoblepas gores you!!
You die...
Xom laughs nastily!

,,,,,,,,,,,,,,,,,,,≈≈,,,,,,,,,,,,
,,,,,,,,,,,,,,,,,≈≈≈≈≈≈,,,,,,,,,,
,,,,,,,,,,,,,,,,,≈,,,≈,,,,,,,,,,,
,,,,,,,,,,,......≈≈,,≈≈≈≈,,,,,,,,
,,,,,,,,,,,......≈≈..≈≈≈,,,,,,,,,
,,,,,,,,,,,....#.≈≈≈≈≈≈,,,,,,,,,,
,,,,,,*,,,,....)÷.≈..,≈,,,,,,,,,,
,,,,,,*,,,,.....÷÷...,,,,,,,*,,,,
,,,,,,,,,,,....Y@S...,,,,,,,,*,,,
,,,,,,,,,,,..........,,,,,,,,,,,,
,,,,,,,,,,,,.........,,,,,,,,,,,,
,,,,,,,,,,,,,........,,,,,,,,,,,,
,,,,,,,,,,,,,,,,,,,,,,,,,,,,,,,,,
,,*,,,,,,,,,,,,,,,,,,,,,,,,,,,,,,
,,,,,,,,,,,,,,,,,,,,,,,,,,,,,,,,,
,,,,,,,,,,,,,,,,,,,,,,,*,,,,,,,,,
,,,,,,,,,,,,≈,,≈≈,,,,,,*,,,,,,,,,


You could see a catoblepas and a black mamba (petrified).

Vanquished Creatures
  Rupert (Lair:3)
  An orc warlord (Bailey)
  2 two-headed ogres
  3 hydras
  A death yak (Lair:5)
  Urug (Lair:3)
  An ugly thing (D:11)
  An oklob plant (Lair:3)
  A manticore (D:11)
  A wolf spider (Lair:2)
  9 elephants
  7 black mambas
  10 cane toads
  15 komodo dragons
  A yaktaur (Lair:3)
  A rime drake (Lair:3)
  2 trolls
  3 hornets
  8 blink frogs
  2 shadows
  3 vampires
  A wyvern (Lair:4)
  33 yaks
  A fire bat (D:7)
  5 basilisks
  2 steam dragons
  Grum (D:9)
  3 nagas (Lair:3)
  14 water moccasins
  An acid dragon (D:9)
  13 orc warriors
  An ice beast (D:6)
  3 sky beasts
  4 ogres
  9 wolves
  2 centaurs
  2 lemures (D:6)
  A phantom (D:4)
  3 kobold brigands
  7 bullfrogs
  Blork the orc (D:4)
  3 scorpions
  5 wights (D:8)
  4 killer bees (D:7)
  5 electric eels (Lair:2)
  A howler monkey (D:9)
  2 jellies (D:7)
  7 gnoll boudas
  7 orc priests
  19 iguanas
  8 orc wizards
  Ijyb (D:5)
  Robin (D:3)
  34 gnolls
  5 adders
  4 white imps
  An ufetubus (D:5)
  A worm (D:3)
  4 dart slugs
  46 orcs
  10 endoplasms
  3 giant cockroaches
  19 goblins
  13 hobgoblins
  12 jackals
  4 quokkas
  4 ball pythons
  6 bats
  16 frilled lizards
  15 kobolds
  8 rats
  A spectral hobgoblin (D:8)
450 creatures vanquished.

Vanquished Creatures (others)
  17 fungi
  34 plants
51 creatures vanquished.

Grand Total: 501 creatures vanquished

Notes
Turn   | Place    | Note
-------+----------+-------------------------------------------
     0 | D:1      | ptdevnull the Kobold Hunter began the quest for the Orb.
     0 | D:1      | Reached XP level 1. HP: 12/12 MP: 1/1
    78 | D:1      | Reached XP level 2. HP: 15/18 MP: 2/2
   219 | D:1      | Reached XP level 3. HP: 15/22 MP: 3/3
   596 | D:1      | Reached skill level 1 in Short Blades
   669 | D:1      | Found a faded altar of an unknown god.
   673 | D:1      | Got Plato's Almanac of Enchantment
   674 | D:1      | Prayed at the altar of an unknown god.
   674 | D:1      | Became a worshipper of Xom of Chaos
  1108 | D:2      | Reached skill level 2 in Short Blades
  1108 | D:2      | Reached XP level 4. HP: 20/27 MP: 4/4
  1251 | D:2      | Found Cujiad's Distillery.
  1264 | D:2      | Found Uvvompos's Distillery.
  1307 | D:2      | XOM: divination: detect creatures
  1478 | D:2      | XOM: divination: detect items
  1643 | D:2      | XOM: silly message
  1804 | D:3      | XOM: divination: detect creatures
  1878 | D:3      | Reached skill level 3 in Short Blades
  1909 | D:3      | Found a transporter.
  1913 | D:3      | Noticed Nato's ghost (amateur OpTm)
  1963 | D:3      | XOM: silly message
  1997 | D:3      | Noticed Robin
  1999 | D:3      | XOM: potion effect (brilliance)
  2010 | D:3      | Killed Robin
  2011 | D:3      | Reached XP level 5. HP: 25/32 MP: 5/5
  2368 | D:4      | Reached skill level 4 in Short Blades
  2384 | D:4      | Reached XP level 6. HP: 36/36 MP: 6/6
  2409 | D:4      | Reached skill level 5 in Short Blades
  2409 | D:4      | Reached skill level 5 in Stealth
  2607 | D:4      | Reached skill level 6 in Short Blades
  2660 | D:4      | Reached XP level 7. HP: 10/40 MP: 2/7
  2922 | D:4      | XOM: 2-stop teleportation journey
  3127 | D:4      | Found a blossoming altar of Fedhas.
  3218 | D:4      | XOM: god gift: scroll labelled TARUPNE EGAOD {god gift}
  3560 | D:4      | XOM: give mutations
  3560 | D:4      | Gained mutation: You have sharp toenails. [Xom's grace]
  3560 | D:4      | Gained mutation: You have hidden genetic potential. [Xom's
                  | grace]
  3560 | D:4      | Gained mutation: You have a somewhat thin skeletal
                  | structure. (Dex +2, Stealth+) [Xom's grace]
  3633 | D:4      | Noticed Blork the orc
  3636 | D:4      | Killed Blork the orc
  3919 | D:5      | Entered Level 5 of the Dungeon
  3980 | D:5      | Reached skill level 7 in Short Blades
  4018 | D:5      | Found a staircase to the Ecumenical Temple.
  4028 | D:5      | Reached skill level 8 in Short Blades
  4068 | D:5      | Reached XP level 8. HP: 45/45 MP: 8/8
  4129 | D:5      | Gained mutation: You are strong-willed. (Will+) [hidden
                  | potential]
  4158 | D:5      | Found an ancient bone altar of Kikubaaqudgha.
  4161 | D:5      | Noticed Ijyb
  4460 | D:5      | Killed Ijyb
  4481 | D:6      | Noticed a two-headed ogre
  4484 | D:6      | Killed a two-headed ogre
  4485 | D:6      | Reached skill level 10 in Short Blades
  4519 | D:6      | Found an ornate altar of the Wu Jian Council.
  4529 | D:6      | Reached XP level 9. HP: 50/50 MP: 9/9
  4547 | D:6      | Gained mutation: You have supernaturally acute eyesight.
                  | (SInv) [hidden potential]
  4547 | D:6      | Lost mutation: You have hidden genetic potential. [hidden
                  | potential expressed]
  4838 | D:6      | XOM: polymorph lemure -> white imp
  5297 | D:6      | XOM is BORED!
  5429 | D:7      | Noticed a hornet
  5443 | D:7      | Killed a hornet
  5444 | D:7      | Reached skill level 5 in Fighting
  5444 | D:7      | Reached skill level 5 in Dodging
  5691 | D:7      | XOM: god gift: leather armour {god gift}
  5888 | D:7      | XOM: scenery: summon butterflies
  6177 | D:7      | Found a transporter.
  6180 | D:7      | Found a transporter.
  6339 | D:7      | Identified the ring "Yfet" {rCorr Dex+4}
  6357 | D:7      | XOM: polymorph sky beast -> fire bat
  6729 | D:8      | Found a staircase to the Lair.
  6758 | D:8      | Reached XP level 10. HP: 63/63 MP: 10/10
  6919 | D:8      | Found a broken altar of Ashenzari.
  7342 | D:8      | XOM: give mutations
  7342 | D:8      | Gained mutation: Your spells are a little harder to cast,
                  | but a little more powerful. [Xom's grace]
  7342 | D:8      | Gained mutation: You are robust. (+10% HP) [Xom's grace]
  7342 | D:8      | Gained mutation: You are agile. (Dex +4, Str/Int -1) [Xom's
                  | grace]
  7384 | D:8      | Found a hazy altar of Hepliaklqana.
  7431 | D:8      | Found a glowing golden altar of the Shining One.
  7450 | D:8      | XOM: give mutations
  7450 | D:8      | Gained mutation: You are highly strong-willed. (Will++)
                  | [Xom's grace]
  7450 | D:8      | Gained mutation: You are very agile. (Dex +8, Str/Int -2)
                  | [Xom's grace]
  7450 | D:8      | Gained mutation: You are very robust. (+20% HP) [Xom's
                  | grace]
  7616 | D:9      | XOM: noise
  7670 | D:9      | Found a flagged portal.
  7685 | D:9      | Noticed a two-headed ogre
  7693 | D:9      | Killed a two-headed ogre
  7784 | Bailey   | Entered a bailey
  7957 | Bailey   | Reached skill level 10 in Dodging
  8037 | Bailey   | Noticed an orc warlord
  8044 | Bailey   | Reached skill level 10 in Fighting
  8044 | Bailey   | Reached XP level 11. HP: 81/86 MP: 9/11
  8050 | Bailey   | XOM: scenery: create altars
  8052 | Bailey   | Reached skill level 1 in Spellcasting
  8060 | Bailey   | XOM: chaos upgrade
  8062 | Bailey   | Killed an orc warlord
  8064 | Bailey   | XOM: noise
  8076 | Bailey   | XOM: divination: detect creatures
  8078 | Bailey   | Reached skill level 5 in Spellcasting
  8359 | D:9      | Acquired the ring "Duek" {Will+ Int+2}
  8463 | D:9      | XOM: divination: detect creatures
  8605 | D:9      | XOM: potion effect (brilliance)
  8609 | D:8      | XOM: potion effect (heal wounds)
  8635 | D:8      | XOM: silly message
  8746 | D:9      | XOM is BORED!
  8746 | D:9      | XOM: silly message
  8754 | D:9      | XOM: potion effect (heal wounds)
  8755 | D:9      | XOM: potion effect (might)
  8929 | D:9      | Noticed Grum
  8935 | D:9      | Killed Grum
  8979 | D:9      | Found a staircase to the Orcish Mines.
  9430 | D:9      | XOM is BORED!
  9430 | D:9      | XOM: silly message
  9487 | D:10     | Entered Level 10 of the Dungeon
  9567 | D:10     | Learned a level 1 spell: Slow
  9570 | D:10     | Learned a level 2 spell: Ensorcelled Hibernation
  9574 | D:10     | Learned a level 3 spell: Tukima's Dance
  9864 | D:10     | Reached skill level 1 in Evocations
  9969 | D:10     | XOM: confuse monster(s)
 10486 | D:10     | Found a sparkling altar of Nemelex Xobeh.
 10642 | D:11     | Noticed a brown ugly thing
 10645 | D:11     | Killed a brown ugly thing
 10665 | D:11     | Noticed a manticore
 10668 | D:11     | Killed a manticore
 10669 | D:11     | Reached skill level 5 in Evocations
 10671 | D:11     | Reached XP level 12. HP: 92/92 MP: 24/24
 10776 | D:11     | XOM: silly message
 10809 | D:11     | XOM: silly message
 11505 | D:10     | XOM: scenery: create altars
 11590 | Lair:1   | Entered Level 1 of the Lair of Beasts
 11738 | Lair:1   | XOM is BORED!
 12237 | Lair:1   | Reached skill level 1 in Hexes
 12743 | Lair:2   | XOM: fake destruction
 12747 | Lair:2   | XOM: enchant monster (good)
 12749 | Lair:2   | HP: 3/92 [electric eel/bolt of electricity (7)]
 12751 | Lair:2   | Found a staircase to the Swamp.
 12751 | Lair:2   | Noticed a four-headed hydra
 13000 | Lair:2   | XOM: give mutations
 13000 | Lair:2   | Gained mutation: Your mind is acute. (Int +4, Str/Dex -1)
                  | [Xom's grace]
 13000 | Lair:2   | Gained mutation: You passively dampen the noise of your
                  | surroundings. [Xom's grace]
 13000 | Lair:2   | Gained mutation: Your system is resistant to poisons.
                  | (rPois) [Xom's grace]
 13003 | Lair:2   | XOM: polymorph torpor snail -> wolf spider
 13230 | Lair:2   | Killed a four-headed hydra
 13231 | Lair:2   | Reached skill level 5 in Hexes
 13299 | Lair:2   | XOM: summons 1 hostile shadow creature
 13311 | Lair:2   | XOM: noise
 13451 | Lair:2   | XOM: 1-stop teleportation journey
 13551 | Lair:2   | XOM: 4-stop teleportation journey
 13907 | Lair:2   | XOM: summons 7 hostile demons
 14008 | Lair:2   | XOM: noise
 14062 | Lair:2   | XOM: swap monsters
 14063 | Lair:2   | Reached skill level 1 in Ice Magic
 14126 | Lair:2   | Noticed a six-headed hydra
 14129 | Lair:2   | XOM: summons 2 friendly demons
 14137 | Lair:2   | Killed a six-headed hydra
 14269 | Lair:2   | XOM: cleaving
 14274 | Lair:2   | Reached XP level 13. HP: 98/98 MP: 25/25
 14529 | Lair:2   | XOM: draining
 14633 | Lair:2   | XOM: stat loss: -1 Dex (30/31)
 14889 | Lair:3   | Noticed Urug
 14901 | Lair:2   | XOM: noise
 14907 | Lair:2   | Reached skill level 5 in Ice Magic
 15081 | Lair:3   | Reached skill level 11 in Short Blades
 15121 | Lair:3   | Noticed Rupert
 15127 | Lair:3   | Killed Rupert
 15128 | Lair:3   | Reached skill level 12 in Short Blades
 15158 | Lair:3   | XOM: swap monsters
 15171 | Lair:3   | Killed Urug
 15175 | Lair:3   | XOM: cast spell 'Disjunction'
 15190 | Lair:3   | Reached skill level 13 in Short Blades
 15194 | Lair:3   | XOM: silly message
 15260 | Lair:3   | Reached skill level 1 in Long Blades
 15402 | Lair:3   | XOM: 1-stop teleportation journey
 15464 | Lair:3   | XOM: cleaving
 15492 | Lair:3   | XOM: enchant monster (good)
 15591 | Lair:3   | XOM: polymorph komodo dragon -> yaktaur
 15617 | Lair:3   | XOM: summons 1 hostile shadow creature
 15635 | Lair:3   | Found a staircase to the Snake Pit.
 15867 | Lair:3   | Learned a level 3 spell: Ozocubu's Armour
 15875 | Lair:3   | Learned a level 7 spell: Ozocubu's Refrigeration
 15933 | Lair:3   | Reached skill level 5 in Long Blades
 16022 | Lair:3   | You fall into a shaft and drop 2 floors!
 16022 | Lair:5   | Entered Level 5 of the Lair of Beasts
 16100 | Lair:4   | Got Mnoleg's Writings on the Comitatus
 16126 | Lair:4   | XOM: destruction
 16128 | Lair:4   | XOM: confuse monster(s)
 16303 | Lair:4   | Reached XP level 14. HP: 102/105 MP: 24/26
 16355 | Lair:4   | XOM: stat loss: -1 Int (15/16)
 17000 | Lair:4   | Found a viscous altar of Jiyva.
 17001 | Lair:4   | Found a staircase to the Slime Pits.
 17739 | Lair:4   | XOM: god gift: wand of iceblast (5)
 18222 | Lair:3   | XOM: give mutations
 18222 | Lair:3   | Lost mutation: You have supernaturally acute eyesight.
                  | (SInv) [Xom's mischief]
 18222 | Lair:3   | Lost mutation: You are very agile. (Dex +8, Str/Int -2)
                  | [Xom's mischief]
 18222 | Lair:3   | Lost mutation: You have a somewhat thin skeletal structure.
                  | (Dex +2, Stealth+) [Xom's mischief]
 18222 | Lair:3   | Lost mutation: You are highly strong-willed. (Will++)
                  | [Xom's mischief]
 18254 | Lair:3   | XOM: draining
 18614 | Lair:4   | XOM: god gift: staff of fire
 18768 | Lair:5   | Slain by a catoblepas

Illustrated notes

Levels and vault maps discovered:
D:1:      dpeg_arrival_long_road, layout_loops_ring,
          shapermc_ecumenical_altar_rom_forum
D:2:      layout_rooms, serial_shops,
          nicolae_shop_temple_entry_statues_fountains, nicolae_diamond_shop
D:3:      layout_rooms, gammafunk_ghost_mausoleum, uniq_robin
D:4:      layout_basic, tgw_fedhas, chequers_big_river, uniq_blork_the_orc
D:5:      layout_basic, mainiacjoe_overflow_catwalk,
          minmay_temple_entry_stoned_glass, abandoned_shop, uniq_ijyb
D:6:      layout_cave_pods, old_standard_altar, uniq_pikel
D:7:      layout_loops_corners, gammafunk_ghost_gnarly_gnolls,
          corexii_corridor_pit
D:8:      layout_loops_ring, nicolae_hepliaklqana_monster_ancestors,
          mainiacjoe_overflow_large_starburst, lair_entry_dummy
D:9:      layout_long_grid, david_orc_5, enter_bailey_2, uniq_grum
D:10:     layout_irregular_city, mainiacjoe_overflow_brackets
D:11:     kennysheep_seaside_town, layout_basic
Lair:1:   dpeg_oklob_gauntlet, layout_misc_corridors
Lair:2:   lemuel_reptile_caves, layout_gridlike, minmay_swamp_entry_reptiles,
          grunt_megastairs_4, serial_bayou_shore_a
Lair:3:   layout_roguey, guppyfry_snake_entry_island,
          chequers_serial_rivers_micro_e, minivault_24,
          cheibrodos_lair_reptile_den, uniq_urug, uniq_rupert
Lair:4:   layout_cave_pods, dpeg_slime_entry_enclosed,
          infiniplex_staircase_pool, serial_bayou_shore_b, lemuel_fruit_tree,
          serial_bayou_shore_b, grunt_megastairs_5
Lair:5:   evilmike_catoblepas_cave, layout_cave_shapes, lookout_lair_type,
          serial_bayou_pond_e, nicolae_quartered_pool_little,
          lemuel_fruit_fields

Skill      XL: |  1  2  3  4  5  6  7  8  9 10 11 12 13 14 |
---------------+-------------------------------------------+-----
Stealth        | 2 3 4 5 6 8 |  8.0
Dodging        | 3 7 10 | 10.0
Short Blades   | 2 3 4 6 8 10 13 | 13.3
Fighting       | 3 7 10 | 10.0
Spellcasting   | 8 |  8.0
Evocations     | 5 8 |  8.0
Hexes          | 7 8 |  8.0
Ice Magic      | 3 5 |  5.0
Long Blades    | 6 8 |  8.3
Ranged Weapons | |  5.3

Action                   |  1- 3 |  4- 6 |  7- 9 | 10-12 | 13-15 || total
-------------------------+-------+-------+-------+-------+-------++-------
Melee: Short sword       |    11 |       |       |       |       ||    11
       Dagger            |     5 |    71 |    93 |   483 |   133 ||   785
       Kick              |       |       |    21 |   161 |    98 ||   280
       Punch             |       |       |     1 |     5 |     1 ||     7
       Double sword      |       |       |       |       |   138 ||   138
 Fire: Shortbow          |    71 |    30 |     2 |       |       ||   103
 Cast: Ensorcelled Hiber |       |       |       |       |     1 ||     1
Evoke: Wand              |       |       |     2 |     5 |     4 ||    11
       Condenser vane    |       |       |       |     1 |       ||     1
  Use: Scroll            |     1 |       |    10 |    11 |     7 ||    29
       Potion            |       |       |       |     4 |       ||     4
 Stab: Sleeping          |       |    12 |    27 |    74 |    26 ||   139
       Invisible         |       |       |       |    16 |       ||    16
       Distracted        |       |       |       |     8 |     1 ||     9
       Confused          |       |       |       |       |     6 ||     6
       Petrified         |       |       |       |       |     1 ||     1
Armor: Leather armour    |    20 |     5 |       |       |       ||    25
       Skin              |       |       |     1 |       |       ||     1
       Robe              |       |       |     4 |    11 |    19 ||    34
       Steam dragon scal |       |       |       |     5 |       ||     5
Dodge: Dodged            |    44 |    34 |    38 |   290 |   273 ||   679

Table legend: (Time is in decaauts)
 A = Elapsed time spent in this place.
 B = Non-inter-level travel time spent in this place.
 C = Inter-level travel time spent in this place.
 D = Time resting spent in this place.
 E = Time spent auto-exploring this place.
 F = Levels seen in this place.
 G = Mean time per level.
                   A        B        C        D        E       F      G
               +--------+--------+--------+--------+--------+-----+--------+
         Total |  18502 |  17776 |    726 |   1312 |  14204 |  17 | 1088.4 |
       Dungeon |  10900 |  10310 |    590 |    292 |   8811 |  11 |  990.9 |
          Lair |   7092 |   6956 |    136 |   1020 |   5022 |   5 | 1418.4 |
        Bailey |    509 |    509 |      0 |      0 |    369 |   1 |  509.0 |
               +--------+--------+--------+--------+--------+-----+--------+

Top non-repeatable levels by time:
  Lair:4: 2146 daAuts
  Lair:2: 1980 daAuts
  Lair:3: 1719 daAuts
     D:4: 1550 daAuts
     D:7: 1298 daAuts
     D:9: 1170 daAuts
  Lair:1: 1159 daAuts
     D:1: 1088 daAuts
     D:8: 1042 daAuts
    D:10: 1036 daAuts
    D:11: 954 daAuts
     D:6: 905 daAuts
     D:2: 678 daAuts
     D:3: 618 daAuts
     D:5: 556 daAuts
